Map: Port Aleksander LE

Players

elbytaz

  • Race: Protoss Protoss
  • League: Silver
  • Spawn Location: 5:00

Throwfordays - Winner!

  • Race: Protoss Protoss
  • League: Silver
  • Spawn Location: 11:00

VOD

Have the link to the VOD?

Description

Time

  • Played on: Feb. 10, 2019, 4:13 p.m.
  • Length: 9:07
Show
View Real Time Build Order
Export as new Build Order

elbytaz Protoss 

Build Orders: 1 Gate Expand, Oracle Opening 

Get SALT Encoding   

  12  0:05  Probe  
  13  0:14  Probe  
  14  0:22  Pylon  
  14  0:26  Probe  
  15  0:37  Assimilator  
  15  0:40  Probe  
  16  0:47  Gateway  
  16  0:54  Probe  
  17  1:06  Probe  
  18  1:29  Nexus  
  18  1:35  Cybernetics Core  
  18  1:42  Pylon  
  19  1:47  Probe  
  19  2:04  Probe  
  20  2:10  Cybernetics Core  
  20  2:23  Stargate  
  20  2:26  Assimilator  
  20  2:31  Probe, Warp Gate  
  21  2:43  Probe  
  22  2:46  Probe  
  23  2:52  Pylon  
  23  2:54  Pylon  
  23  2:57  Probe  
  23  2:58  Probe  
  26  3:12  Probe  
  26  3:14  Oracle  
  26  3:15  Probe  
  27  3:26  Pylon  
  30  3:54  Gateway  
  30  3:56  Forge  
  30  4:03  Probe x2  
  32  4:12  Gateway  
  32  4:13  Gateway  
  32  4:33  Probe x2  
  34  4:38  Assimilator  
  34  4:40  Assimilator  
  34  4:41  Zealot  
  34  4:45  Probe x2  
  37  5:09  Gateway  
  37  5:10  Gateway  
  37  5:11  Probe  
  37  5:12  Gateway  
  37  5:13  Probe  
  39  5:15  Gateway x2  
  39  5:16  Stalker x2  
  39  5:17  Gateway  
  43  5:23  Probe  
  43  5:25  Probe  
  45  5:29  Gateway  
  45  5:32  Phoenix  
  45  5:37  Stalker x2  
  51  5:55  Phoenix  
  53  6:09  Adept  
  53  6:10  Adept x4  
  63  6:25  Twilight Council  
  63  6:29  Stargate  
  63  6:30  Stargate  
  61  6:33  Sentry  
  61  6:37  Zealot x3  
  70  6:40  Probe  
  70  6:52  Probe  
  57  7:03  Stalker  
  57  7:04  Stalker x2  
  61  7:15  Probe x2  
  55  7:34  Pylon  
  55  7:35  Pylon  
  55  7:36  Pylon  
  46  7:38  Pylon  
  46  7:43  Stalker x3  
  51  7:51  Zealot x5  
  41  8:16  Zealot  
  41  8:17  Zealot x5  
  41  8:18  Zealot  
  31  8:43  Stalker  
  23  8:56  Pylon  
Show
View Real Time Build Order
Export as new Build Order

Throwfordays Protoss - Winner!

Build Orders: Double Forge, Blink Stalkers 

Get SALT Encoding   

  12  0:00  Probe  
  13  0:12  Probe  
  14  0:23  Pylon  
  14  0:24  Probe  
  15  0:41  Probe  
  16  0:44  Gateway  
  16  0:53  Probe  
  17  0:57  Assimilator  
  17  1:05  Probe  
  18  1:17  Probe  
  19  1:29  Probe  
  20  1:39  Zealot  
  22  1:41  Cybernetics Core  
  23  1:47  Probe  
  23  1:50  Warp Gate  
  23  2:00  Pylon  
  23  2:05  Nexus  
  23  2:17  Assimilator  
  23  2:25  Gateway  
  23  2:35  Twilight Council  
  23  2:42  Pylon  
  24  2:44  Probe  
  24  2:56  Probe  
  25  3:01  Forge  
  25  3:08  Probe  
  25  3:12  Blink  
  26  3:14  Probe  
  27  3:20  Probe  
  27  3:22  Probe  
  29  3:28  Probe  
  29  3:31  Probe  
  31  3:36  Probe  
  32  3:43  Probe  
  32  3:48  Probe  
  34  3:55  Probe  
  35  4:00  Probe  
  36  4:07  Probe  
  36  4:08  Forge  
  37  4:12  Probe  
  37  4:13  Protoss Ground Weapons Level 1  
  37  4:16  Gateway  
  38  4:19  Probe  
  38  4:21  Gateway  
  39  4:24  Probe  
  40  4:31  Stalker, Probe  
  40  4:35  Stalker  
  40  4:36  Probe  
  46  4:43  Probe  
  47  4:47  Assimilator  
  47  4:48  Protoss Ground Armor Level 1  
  47  4:50  Assimilator  
  47  4:51  Gateway  
  47  4:59  Probe  
  48  5:00  Probe  
  49  5:08  Stalker  
  49  5:10  Stalker  
  49  5:11  Probe  
  49  5:13  Charge  
  54  5:19  Pylon  
  54  5:25  Pylon  
  54  5:36  Pylon  
  54  5:37  Probe x2  
  54  5:38  Pylon  
  56  5:44  Stalker  
  56  5:45  Stalker x3  
  64  6:12  Sentry x2  
  64  6:14  Adept x2  
  64  6:15  Adept  
  74  6:20  Pylon  
  74  6:37  Stalker  
  74  6:38  Stalker x3  
  82  6:53  Resonating Glaives  
  74  7:10  Stalker  
  74  7:11  Stalker x3  
  74  7:57  Stalker  
  74  7:58  Stalker x4  
  80  8:37  Stalker x2  
  80  8:38  Stalker  
Tags
 
Add a new tag
Caveats
  • Supply blocks, unpowered buildings, or Contaminate may cause inaccurate times.
  • Supply counts are checked every 10 seconds.